 Dungeon Crawl Stone Soup version 0.28-a0-1510-gd0f6b136d3 (webtiles) character file.

Game seed: 13069764128676960037

11595 scottley the Grappler (level 11, -4/105 HPs)
             Began as a Troll Monk on Jan 15, 2022.
             Slain by a sixfirhy (18 damage)
             ... summoned by a kobold demonologist
             ... on level 11 of the Dungeon.
             The game lasted 01:02:12 (7845 turns).

scottley the Grappler (Troll Monk)                  Turns: 7845, Time: 01:02:12

Health: -4/105     AC:  8    Str: 25    XL:     11   Next: 51%
Magic:  10/10      EV: 12    Int: 12    God:
Gold:   773        SH:  5    Dex: 12    Spells: 4/10 levels left

rFire   . . .      SeeInvis .   n - +5 quarterstaff (chaos)
rCold   . . .      Faith    .   (shield currently unavailable)
rNeg    + . .      Spirit   .   E - +0 troll leather armour
rPois   +          Reflect  +   (helmet restricted)
rElec   .          Harm     .   o - +1 cloak {rPois}
rCorr   .          Rampage  .   (gloves unavailable)
Will    .....                   (boots unavailable)
Stlth   ++........              p - amulet of reflection
HPRegen 1.87/turn               e - ring of positive energy
MPRegen 0.12/turn               u - +6 ring of intelligence

@: no status effects
A: large, unfitting armour, claws 3, regeneration 1, shaggy fur 1, tough skin 1
a: no special abilities


You were on level 11 of the Dungeon.
You visited 2 branches of the dungeon, and saw 12 of its levels.

You collected 773 gold pieces.

Inventory:

Hand Weapons
 d - a +4 dagger
 n - a +5 quarterstaff of chaos (weapon)
Missiles
 b - a large rock (quivered)
 g - 32 poisoned darts
 k - a throwing net
Armour
 a - a +0 robe
 o - a +1 cloak of poison resistance (worn)
 v - +0 steam dragon scales
 E - a +0 troll leather armour (worn)
 F - an orb of wrath
 G - +0 acid dragon scales
Jewellery
 e - a ring of positive energy (left claw)
 l - a ring of poison resistance
 p - an amulet of reflection (around neck)
 u - a +6 ring of intelligence (right claw)
 y - a ring of flight
Wands
 m - a wand of charming (3)
 H - a wand of acid (5)
 I - a wand of flame (2)
 J - a wand of iceblast (4)
Scrolls
 c - 2 scrolls of holy word
 i - a scroll of fog
 j - a scroll of amnesia
 s - 8 scrolls of identify
 t - 2 scrolls of blinking
 w - a scroll of magic mapping
 z - 3 scrolls of teleportation
 C - a scroll of enchant weapon
 D - a scroll of fear {unknown}
Potions
 f - a potion of heal wounds
 h - 2 potions of brilliance
 q - 3 potions of flight
 r - 2 potions of resistance
 x - a potion of might
 A - 3 potions of curing {unknown}
 B - a potion of haste


   Skills:
 + Level 6.1 Fighting
 + Level 2.2 Short Blades
 + Level 6.7 Staves
 + Level 4.2 Throwing
 + Level 2.5 Armour
 + Level 7.0 Dodging
 + Level 3.0 Stealth
 + Level 3.8 Shields
 + Level 8.7 Unarmed Combat
 + Level 0.2 Spellcasting
 + Level 0.1 Translocations
 + Level 0.6 Poison Magic
 + Level 1.9 Evocations


You had 4 spell levels left.
You knew the following spells:

 Your Spells              Type           Power      Damage    Failure   Level
a - Sting                 Tmut/Pois      0%         1d3       32%         1
b - Poisonous Vapours     Pois/Air       0%         N/A       43%         2
c - Animate Skeleton      Necr           0%         N/A       36%         1
d - Apportation           Tloc           0%         N/A       34%         1
e - Magic Dart            Conj           0%         1d3       36%         1

Your spell library contained the following spells:

 Spells                   Type           Power      Damage    Failure   Level
 Summon Small Mammal      Summ           0%         N/A       36%         1
 Call Imp                 Summ           0%         N/A       50%         2
 Ignite Poison            Fire/Tmut/Pois 0%         N/A       69%         3
 Mephitic Cloud           Conj/Pois/Air  0%         N/A       69%         3
 Call Canine Familiar     Summ           0%         N/A       73%         3
 Inner Flame              Hex/Fire       0%         N/A       73%         3
 Summon Guardian Golem    Hex/Summ       0%         N/A       73%         3
 Olgreb's Toxic Radiance  Pois           1%         N/A       96%         4
 Cause Fear               Hex            0%         N/A       98%         4
 Fulminant Prism          Conj/Hex       0%         3d6       98%         4
 Iskenderun's Mystic Bla  Conj/Tloc      0%         2d3       98%         4
 Petrify                  Tmut/Erth      0%         N/A       98%         4
 Summon Lightning Spire   Summ/Air       0%         N/A       98%         4
 Freezing Cloud           Conj/Ice/Air   0%         6-21      100%        5
 Lee's Rapid Deconstruct  Erth           0%         3d5*      100%        5
 Metabolic Englaciation   Hex/Ice        0%         N/A       100%        5
 Statue Form              Tmut/Erth      0%         N/A       100%        6
 Storm Form               Tmut/Air       0%         N/A       100%        7
 Discord                  Hex            0%         N/A       100%        8
 Maxwell's Capacitive Co  Air            0%         ∞         100%        8


Dungeon Overview and Level Annotations

Branches:
Dungeon (11/15)            Temple (0/1) D:6            Lair (0/6) D:11
    Orc (1/2) D:9

Altars:
Gozag
The Shining One

Annotations:
Orc:1 Fannar


Innate Abilities, Weirdness & Mutations

You are too large for most types of armour.
You have claws for hands.
Your natural rate of healing is unusually fast.
You are covered in fur. (AC +1)
You have tough skin. (AC +1)


Message History

Throw: 3 large rocks
Press: ? - help, Q - select action, (/) - cycle Shift-Dir - straight line, f/p - kobold demonologist
Aim: a kobold demonologist, wielding a +0 dagger and wearing a +0 robe (53% to hit)
You throw a large rock.
The large rock hits the kobold demonologist.
The kobold demonologist is lightly wounded.
You hear a shout!
The kobold demonologist casts a spell.
You hear a shout! x2
Throw: 2 large rocks
Press: ? - help, Q - select action, (/) - cycle Shift-Dir - straight line, f/p - kobold demonologist
Aim: a kobold demonologist, wielding a +0 dagger and wearing a +0 robe (lightly wounded, 53% to hit)
You throw a large rock. The large rock hits the ufetubus.
The ufetubus is almost dead.
The sixfirhy barely misses you.
You miss the sixfirhy.
The crimson imp blinks!
You block the sixfirhy's attack.
You hit the sixfirhy.
The sixfirhy goes berserk!
The sixfirhy is lightly wounded.
You block the sixfirhy's attack. The sixfirhy hits you.
The sixfirhy shocks you!
The sixfirhy hits you but does no damage. x2
You block the sixfirhy's attack.
Aiming: Charm
Press: ? - help, Shift-Dir - straight line, f - sixfirhy, p - kobold demonologist
Aim: a sixfirhy (lightly wounded, summoned, berserk, chance to affect: 21%)
The sixfirhy resists with almost no effort.
The sixfirhy hits you! The sixfirhy shocks you!
You block the sixfirhy's attack.
A kobold brigand comes into view.
It is wielding a +0 short sword and quivering poisoned darts.
The sixfirhy hits you! The sixfirhy shocks you!
You miss the sixfirhy. The sixfirhy hits you! The sixfirhy shocks you!
The sixfirhy closely misses you. The sixfirhy hits you!
* * * LOW HITPOINT WARNING * * *
The sixfirhy shocks you!
* * * LOW HITPOINT WARNING * * *
The sixfirhy closely misses you.
You closely miss the sixfirhy. You miss the sixfirhy. The sixfirhy hits you!!
You die...

.. ##...# ##.......# ##. #..###
####.#... #.. #.## #>#...
#.#####.# #.###. #.##.)..# #.#
#. #.##)#### #.###. ###..).#
####.....
#..§.################...>.###
##>(.(.5K5KK3@.........##....#
###....#######################..
#.....## ### #.....# # #.....##
#......##################
#..>...>........(.......#
#.....#################.#####
#.....# #......####


You could see a kobold demonologist, a sixfirhy (summoned, berserk), a kobold
brigand, a crimson imp (summoned), an ufetubus (summoned) and a kobold.

Vanquished Creatures
  3 two-headed ogres
  2 trolls
  A hornet (D:10)
  A wraith (D:9)
  10 yaks
  2 wyverns
  3 vampire mosquitoes (D:11)
  A steam dragon (D:8)
  An acid dragon (D:11)
  A water moccasin (D:6)
  4 sky beasts
  3 black bears
  5 orc warriors
  3 ogres
  2 necrophages
  2 centaurs
  3 phantoms
  3 kobold brigands
  2 bullfrogs (D:9)
  2 gnoll sergeants
  2 wyvern zombies
  2 scorpions
  3 killer bees (D:10)
  10 wights
  A howler monkey (D:6)
  9 centaur zombies
  2 jellies
  8 orc priests
  3 gnoll shamans
  Crazy Yiuf (D:3)
  A bullfrog skeleton (D:6)
  A centaur skeleton (D:4)
  3 iguanas
  6 orc wizards
  4 killer bee zombies
  A howler monkey zombie (D:7)
  24 gnolls
  A howler monkey skeleton (D:7)
  8 adders
  2 shadow imps
  4 ufetubi
  2 adder skeletons
  2 worms (D:4)
  32 orcs
  5 ball pythons
  4 endoplasms
  5 hobgoblins
  7 jackals
  20 kobolds
  2 quokkas
  4 bats
  4 frilled lizards
  7 goblins
  3 rats
247 creatures vanquished.

Vanquished Creatures (collateral kills)
  3 yaks (D:9)
3 creatures vanquished.

Grand Total: 250 creatures vanquished

Notes
Turn   | Place    | Note
-------+----------+-------------------------------------------
     0 | D:1      | scottley the Troll Monk began the quest for the Orb.
     0 | D:1      | Reached XP level 1. HP: 22/22 MP: 0/0
   125 | D:1      | Reached XP level 2. HP: 29/29 MP: 1/1
   801 | D:2      | Found an opulent altar of Gozag.
   822 | D:2      | Reached XP level 3. HP: 36/36 MP: 2/2
   894 | D:2      | Found a faded altar of an unknown god.
  1565 | D:3      | Reached XP level 4. HP: 44/44 MP: 3/3
  1641 | D:3      | Found a runed translucent door.
  1642 | D:3      | Noticed Crazy Yiuf
  1647 | D:3      | Killed Crazy Yiuf
  1766 | D:3      | Reached skill level 4 in Unarmed Combat
  1913 | D:3      | Found a glowing golden altar of the Shining One.
  2222 | D:4      | Reached XP level 5. HP: 17/53 MP: 4/4
  2396 | D:4      | Noticed a phantom
  2426 | D:4      | Killed a phantom
  2427 | D:4      | Reached skill level 1 in Throwing
  2637 | D:4      | Reached XP level 6. HP: 61/61 MP: 5/5
  2715 | D:4      | Identified the -2 tower shield of Buodopic {Will- Dex+6}
  2978 | D:5      | Entered Level 5 of the Dungeon
  3004 | D:5      | Noticed a wyvern
  3010 | D:5      | Killed a wyvern
  3011 | D:5      | Reached skill level 1 in Staves
  3011 | D:5      | Reached skill level 5 in Unarmed Combat
  3011 | D:5      | Reached XP level 7. HP: 54/67 MP: 6/6
  3041 | D:5      | Learned a level 1 spell: Sting
  3126 | D:5      | Reached skill level 6 in Unarmed Combat
  3268 | D:5      | Learned a level 2 spell: Poisonous Vapours
  3388 | D:5      | Reached XP level 8. HP: 75/76 MP: 7/7
  3415 | D:5      | Reached skill level 1 in Shields
  3623 | D:6      | Reached skill level 1 in Short Blades
  3693 | D:6      | Reached skill level 7 in Unarmed Combat
  3810 | D:6      | Reached skill level 5 in Dodging
  3810 | D:6      | Reached skill level 1 in Evocations
  3872 | D:6      | Reached XP level 9. HP: 83/84 MP: 8/8
  3907 | D:6      | Found a staircase to the Ecumenical Temple.
  3989 | D:6      | Learned a level 1 spell: Animate Skeleton
  4199 | D:6      | Reached skill level 8 in Unarmed Combat
  4240 | D:6      | Learned a level 1 spell: Apportation
  4599 | D:7      | Learned a level 1 spell: Magic Dart
  5145 | D:8      | Noticed a two-headed ogre
  5148 | D:8      | Killed a two-headed ogre
  5149 | D:8      | Reached XP level 10. HP: 94/94 MP: 9/9
  5659 | D:9      | Reached skill level 5 in Fighting
  5695 | D:9      | Noticed a two-headed ogre
  5702 | D:9      | Killed a two-headed ogre
  5703 | D:9      | Reached skill level 5 in Staves
  5859 | D:9      | Noticed a two-headed ogre
  5864 | D:9      | Killed a two-headed ogre
  5933 | D:9      | Found a staircase to the Orcish Mines.
  5942 | Orc:1    | Entered Level 1 of the Orcish Mines
  5967 | Orc:1    | Noticed Fannar
  6785 | D:10     | Entered Level 10 of the Dungeon
  7032 | D:10     | Reached XP level 11. HP: 95/104 MP: 10/10
  7211 | D:10     | Reached skill level 1 in Armour
  7807 | D:11     | Found a staircase to the Lair.
  7836 | D:11     | Noticed a sixfirhy
  7845 | D:11     | Slain by a sixfirhy

Illustrated notes

Levels and vault maps discovered:
D:1:      dpeg_arrival_lava_temple_mockup, layout_loops_ring
D:2:      layout_rooms, basic_altar, ebering_ecumenical_altar_box,
          grunt_ministairs_8
D:3:      minmay_door_path, layout_basic, nicolae_tso_carved_into_rock,
          uniq_crazy_yiuf_cottage
D:4:      layout_basic
D:5:      layout_cave_pools
D:6:      layout_rooms, minmay_temple_entry_tees, minmay_alternating_orb
D:7:      layout_gridville, minmay_misc_feat_square
D:8:      layout_rooms
D:9:      layout_gridville, david_orc_2
D:10:     layout_roguey
D:11:     layout_rooms, lair_entry_dummy
Orc:1:    layout_diamond_mine, uniq_fannar

Skill      XL: |  1  2  3  4  5  6  7  8  9 10 11 |
---------------+----------------------------------+-----
Dodging        | 3 4 5 6 7 |  7.0
Fighting       | 3 4 5 6 |  6.1
Unarmed Combat | 4 5 6 7 8 |  8.7
Throwing       | 1 2 3 4 |  4.2
Staves         | 1 2 4 6 |  6.7
Stealth        | 2 3 |  3.0
Shields        | 1 2 3 |  3.8
Short Blades   | 1 2 |  2.2
Evocations     | 1 |  1.9
Armour         | 2 |  2.5
Spellcasting   | |  0.2
Translocations | |  0.1
Poison Magic   | |  0.6

Action                   |  1- 3 |  4- 6 |  7- 9 | 10-12 || total
-------------------------+-------+-------+-------+-------++-------
Melee: Unarmed           |    83 |    82 |   156 |    25 ||   346
       Punch             |     1 |     3 |     4 |     1 ||     9
       Quarterstaff      |       |    21 |    96 |   216 ||   333
       Dagger            |       |       |     9 |    89 ||    98
Throw: Large rock        |     8 |     4 |    35 |    31 ||    78
       Dart              |       |       |     4 |     2 ||     6
 Cast: Apportation       |       |       |       |     2 ||     2
       Poisonous Vapours |       |       |       |     1 ||     1
Evoke: Wand              |       |     2 |    14 |    10 ||    26
  Use: Scroll            |     3 |     2 |     8 |     6 ||    19
       Potion            |     2 |     1 |     5 |     1 ||     9
 Stab: Sleeping          |     2 |     2 |     2 |       ||     6
       Distracted        |       |     1 |       |       ||     1
       Petrified         |       |       |     4 |       ||     4
       Confused          |       |       |       |     1 ||     1
       Paralysed         |       |       |       |     1 ||     1
Armor: Robe              |    40 |    29 |    90 |    14 ||   173
       Steam dragon scal |       |       |       |    78 ||    78
       Troll leather arm |       |       |       |    62 ||    62
Dodge: Dodged            |    53 |    53 |   113 |   200 ||   419
Block: Other             |       |       |    57 |    85 ||   142
       Reflection        |       |       |       |     5 ||     5
       Orb               |       |       |       |    22 ||    22

Table legend: (Time is in decaauts)
 A = Elapsed time spent in this place.
 B = Non-inter-level travel time spent in this place.
 C = Inter-level travel time spent in this place.
 D = Time resting spent in this place.
 E = Time spent auto-exploring this place.
 F = Levels seen in this place.
 G = Mean time per level.
                   A        B        C        D        E       F      G
               +--------+--------+--------+--------+--------+-----+--------+
         Total |   7910 |   7620 |    290 |    786 |   3872 |  12 |  659.2 |
       Dungeon |   7862 |   7572 |    290 |    786 |   3854 |  11 |  714.7 |
  Orcish Mines |     47 |     47 |      0 |      0 |     18 |   1 |   47.0 |
               +--------+--------+--------+--------+--------+-----+--------+

Top non-repeatable levels by time:
     D:9: 1181 daAuts
     D:3: 913 daAuts
     D:4: 847 daAuts
     D:6: 800 daAuts
     D:1: 748 daAuts
     D:7: 701 daAuts
     D:5: 599 daAuts
    D:10: 561 daAuts
    D:11: 522 daAuts
     D:8: 507 daAuts
     D:2: 479 daAuts
   Orc:1: 47 daAuts
